 Dungeon Crawl Stone Soup version 0.22-a0-605-g9281fa2 (webtiles) character file.

21966 Amnesiac the Alchemist (level 12, -1/56 HPs)
             Began as a Spriggan Transmuter on July 8, 2018.
             Was a High Priest of Sif Muna.
             Slain by a manticore (11 damage)
             ... on level 13 of the Dungeon.
             The game lasted 00:49:12 (17917 turns).

Amnesiac the Alchemist (Spriggan Transmuter)       Turns: 17917, Time: 00:49:13

Health: -1/56      AC:  5    Str:  6    XL:     12   Next: 58%
Magic:  19/32      EV: 24    Int: 19    God:    Sif Muna [*****.]
Gold:   656        SH:  0    Dex: 25    Spells: 18/41 levels left

rFire    . . .     SeeInvis +   L - +1 short sword (elec)
rCold    . . .     Gourm    .   (shield restricted)
rNeg     . . .     Faith    .   I - +2 robe {MR+}
rPois    .         Spirit   .   (helmet restricted)
rElec    .         Reflect  .   r - +0 cloak
rCorr    .         Harm     .   (gloves unavailable)
MR       +++..                  (boots unavailable)
Stlth    ++........             i - amulet of regeneration
HPRegen  0.58/turn              E - +4 ring of dexterity
MPRegen  0.23/turn              t - +4 ring of dexterity

@: very slightly contaminated, divine energy, very quick
A: very small, unfitting armour, see invisible, herbivore, speed 3, slow
metabolism 2
a: Stop Divine Energy, Channel Magic, Forget Spell, Renounce Religion


You were on level 13 of the Dungeon.
You worshipped Sif Muna.
Sif Muna was extremely pleased with you.
You were not hungry.

You visited 1 branch of the dungeon, and saw 13 of its levels.
You also visited: Labyrinth and Sewer.

You collected 945 gold pieces.
You spent 289 gold pieces at shops.

Inventory:

Hand Weapons
 a - a +2 dagger of venom
 b - the +3 hunting sling "Nuriaton" {velocity, rC+ MR+ Str-2 Int+4}
   (You found it on level 8 of the Dungeon)

   Any stone fired from it inflicts extra damage.
   It affects your strength (-2).
   It affects your intelligence (+4).
   It protects you from cold.
   It affects your resistance to hostile enchantments.
 G - a +0 fustibalus
 L - a +1 short sword of electrocution (weapon)
 R - a +5 blowgun
Missiles
 e - 36 arrows
 n - 3 sling bullets
 p - 421 stones (quivered)
 y - 79 poisoned needles
Armour
 q - a +1 buckler
 r - a +0 cloak (worn)
 B - a +0 troll leather armour
 I - a +2 robe of magic resistance (worn)
Jewellery
 i - an amulet of regeneration (around neck)
 k - an uncursed ring of flight
 l - an uncursed ring of ice
 t - a +4 ring of dexterity (right hand)
 C - an uncursed ring of resist corrosion
 E - a +4 ring of dexterity (left hand)
Wands
 f - a wand of polymorph (5)
 F - a wand of digging (9)
 J - a wand of random effects (27)
 T - a wand of enslavement (10)
Scrolls
 g - 3 scrolls of blinking {!r}
 o - 4 scrolls of amnesia {!r}
 u - a scroll of summoning {!r, unknown}
 v - a scroll of magic mapping {!r}
 x - a scroll of remove curse {!r}
 D - 5 scrolls of teleportation {!r}
 N - 2 scrolls of identify {!r}
 P - a scroll of silence {!r}
 Q - a scroll of acquirement {!r}
 S - a scroll of enchant weapon {!r}
Potions
 c - 6 potions of might {!q}
 h - 2 potions of mutation {!q}
 j - 3 potions of lignification {!q}
 m - 2 potions of invisibility {!q}
 s - 3 potions of brilliance {!q}
 w - a potion of flight {!q}
 z - 5 potions of heal wounds {!q}
 A - 4 potions of curing {!q}
 H - 2 potions of cancellation {!q}
 K - a potion of agility {!q}
Comestibles
 d - 19 rations


   Skills:
 - Level 3.2 Fighting
 - Level 6.5 Dodging
 + Level 2.2 Shields
 - Level 2.4 Unarmed Combat
 - Level 15.4 Spellcasting
 - Level 15.9 Transmutations
 - Level 8.0 Invocations


You had 18 spell levels left.
You knew the following spells:

 Your Spells              Type           Power        Failure   Level  Hunger
a - Apportation           Tloc           ##....       4%          1    None
b - Spectral Weapon       Hex/Chrm       ##......     13%         3    None
c - Sticks to Snakes      Tmut           ######..     0%          2    None
d - Passwall              Tmut/Erth      #####...     1%          2    None
e - Petrify               Tmut/Erth      #####...     1%          4    None
f - Summon Small Mammal   Summ           ##..         4%          1    None
g - Confusing Touch       Hex            ##....       4%          1    None
r - Regeneration          Chrm/Necr      ##........   13%         3    None
w - Tukima's Dance        Hex            ##......     13%         3    None
z - Ozocubu's Armour      Chrm/Ice       ##......     13%         3    None

Your spell library contained the following spells:

 Spells                   Type           Power        Failure   Level  Hunger
 Cause Fear               Hex            ##........   38%         4    None
 Fireball                 Conj/Fire      ##........   75%         5    ###....
 Bolt of Fire             Conj/Fire      ##........   100%        6    #####..
 Invisibility             Hex            ##......     100%        6    #####..
 Throw Frost              Conj/Ice       ##....       6%          2    None
 Ring of Flames           Chrm/Fire      ##........   100%        7    ######.
 Animate Dead             Necr           N/A          38%         4    None
 Pain                     Necr           ##..         4%          1    None
 Animate Skeleton         Necr           N/A          4%          1    None
 Vampiric Draining        Necr           ##........   13%         3    None
 Freeze                   Ice            ##..         4%          1    None
 Summon Ice Beast         Ice/Summ       ##......     38%         4    None
 Stone Arrow              Conj/Erth      ##....       13%         3    None
 Spider Form              Tmut/Pois      #####.....   1%          3    None
 Blade Hands              Tmut           ######....   1%          5    ###....
 Ice Form                 Ice/Tmut       #####...     1%          4    None
 Throw Icicle             Conj/Ice       ##......     38%         4    None
 Ignite Poison            Fire/Tmut/Pois ####....     1%          3    None
 Corona                   Hex            ##.....      4%          1    None
 Lee's Rapid Deconstruct  Erth           ##........   75%         5    ###....
 Sandblast                Erth           ##....       4%          1    None
 Inner Flame              Hex/Fire       ##......     13%         3    None
 Beastly Appendage        Tmut           ######       0%          1    None
 Fulminant Prism          Conj/Hex       ##........   38%         4    None
 Dazzling Spray           Conj/Hex       ##....       13%         3    None
 Summon Guardian Golem    Hex/Summ       ##......     13%         3    None
 Summon Mana Viper        Hex/Summ       ##......     75%         5    ###....
 Ignition                 Fire           ##........   100%        8    #######


Dungeon Overview and Level Annotations

Branches:
Dungeon (13/15)            Temple (0/1) D:6            Lair (0/6) D:8
    Orc (0/2) D:9
 Vaults: D:13-14

Altars:
Cheibriados
Gozag
Kikubaaqudgha
Makhleb
Nemelex Xobeh
Okawaru
Qazlal
Ru
Sif Muna
Trog
Uskayaw
Wu Jian
Xom
Yredelemnul

Shops:
D:5 (   D:8 :::[   D:9 *


Innate Abilities, Weirdness & Mutations

You are very small and have problems with some larger weapons.
You are too small for most types of armour.
You have supernaturally acute eyesight. (SInv)
You are a herbivore.
You cover ground extremely quickly.
You need to consume almost no food.


Message History

The phantom blinks!
No target in view!
No target in view!
No target in view!
No target in view!
The phantom is too close now for your liking.
The phantom blinks!
A phantom is nearby!
A phantom is nearby!
You barely miss the phantom.
The phantom is severely damaged.
The phantom closely misses you.
You hit the phantom. Lightning courses through the phantom!
You destroy the phantom!
Sif Muna accepts your kill.
No target in view!
No target in view!
Your spectral weapon fades away.
Done exploring.
Done exploring.
Done exploring.
Done exploring.
Done exploring.
Items here: ( )))) †††
There is a stone staircase leading up here.
Items here: ( )))) ÷÷÷ The manticore is too close now for your liking.
Casting: Spectral Weapon (safe; 13% risk of failure)
Confirm with . or Enter, or press ? or * to list all spells.
You draw out your weapon's spirit!
The manticore flicks its tail.
The volley of spikes hits your spectral weapon.
Your spectral weapon shares its damage with you!
Your spectral weapon fades away.
Casting: Spectral Weapon (safe; 13% risk of failure)
Confirm with . or Enter, or press ? or * to list all spells.
You draw out your weapon's spirit!
The manticore bites your spectral weapon!
Your spectral weapon shares its damage with you!
The manticore claws your spectral weapon but does no damage.
The manticore barely misses your spectral weapon.
You swap places.
The manticore bites you but does no damage.
The manticore closely misses you. x2
Casting: Spectral Weapon (safe; 13% risk of failure)
Confirm with . or Enter, or press ? or * to list all spells.
You miscast Ozocubu's Armour.
Sif Muna protects you from the effects of your miscast!
The manticore misses you. x2; The manticore claws you!
Casting: Ozocubu's Armour (safe; 13% risk of failure)
Confirm with . or Enter, or press ? or * to list all spells.
You miscast Ozocubu's Armour.
Sif Muna protects you from the effects of your miscast!
The manticore completely misses you. The manticore claws you!
* * * LOW HITPOINT WARNING * * *
The manticore misses you.
Casting: Ozocubu's Armour (safe; 13% risk of failure)
Confirm with . or Enter, or press ? or * to list all spells.
You miscast Ozocubu's Armour.
You are very lightly contaminated with residual magic.
Frost covers your body. The manticore bites you!!
* * * LOW HITPOINT WARNING * * *
The manticore claws you!
You die...

.###
##...#.#...#....######....# ##
###...#...####...........# #
#####.#...#.# ########....#
##.....#...#.# #....#
###..#)......#.# #######.##
##......#.......## #...# #.#
....#####.#####..# #...###.#
.#..###...#####.(######...##..#
................@H........##.##
....######..####.....[....##.#
....# ##.####..........##.#
....# #...............##.#
....# ######.......##..#.#
##### #.......###...# #
###.......##...)# #
########.........##....# #
#...<....#.......##....#


You could see a manticore and a friendly spectral short sword of electrocution.

Vanquished Creatures
  2 two-headed ogres
  An unseen horror (D:12)
  Pikel (D:7)
  A lindwurm (D:12)
  A deep elf mage (D:12)
  A manticore (D:11)
  An ugly thing (D:11)
  A cyclops (D:13)
  A water nymph (shapeshifter) (D:13)
  2 trolls
  A meliai zombie (D:12)
  5 hippogriffs
  A wyvern (D:12)
  26 yaks
  A shadow (Lab)
  A hungry ghost (D:10)
  Grum (D:8)
  4 basilisks
  Menkaure (D:7)
  2 soldier ants
  Duvessa (D:7)
  An acid dragon (D:12)
  3 ice beasts
  2 sky beasts
  3 orc warriors
  3 phantoms
  A black bear (D:7)
  A necrophage (D:8)
  4 wolves (D:8)
  An eye of draining (D:12)
  3 ogres
  5 centaurs
  6 big kobolds
  12 bullfrogs
  2 scorpions
  32 killer bees
  7 wights
  An electric eel (D:10)
  7 howler monkeys
  3 crimson imps
  4 bullfrog zombies
  5 centaur skeletons
  7 hounds
  15 orc wizards
  A jelly (D:7)
  4 orc priests
  2 bullfrog skeletons
  An iguana (D:12)
  5 worker ants
  A howler monkey zombie (D:9)
  4 worker ant zombies
  5 gnolls
  4 river rats (Sewer)
  13 adders
  2 shadow imps
  An ooze (D:1)
  An adder skeleton (D:5)
  3 worms
  3 dart slugs
  7 leopard geckos
  48 orcs
  2 giant cockroaches
  6 goblins
  6 hobgoblins
  13 jackals
  2 quokkas
  6 ball pythons
  7 bats
  5 frilled lizards
  2 gnoll zombies (D:5)
  48 kobolds
  2 leopard gecko skeletons (D:5)
  2 quokka skeletons
  33 rats
423 creatures vanquished.

Vanquished Creatures (collateral kills)
  A minotaur (Lab)
  Erolcha (D:11)
  A two-headed ogre (D:11)
  An ugly thing (D:11)
  A shadow (Lab)
  2 basilisks (Lab)
  A hungry ghost (D:11)
  2 orc warriors
  2 ogres (D:7)
  A big kobold (Sewer)
  Blork the orc (D:5)
  2 bullfrogs
  Dowan (D:7)
  A scorpion (D:4)
  A howler monkey (D:7)
  A hound (D:11)
  6 orc priests
  4 orc wizards
  A worker ant (D:6)
  A gnoll (D:6)
  5 adders
  A river rat (D:5)
  2 orcs (D:4)
  A kobold (Sewer)
  A quokka (D:11)
42 creatures vanquished.

Vanquished Creatures (others)
  A shadow imp (D:7)
  10 spectral weapons
11 creatures vanquished.

Grand Total: 476 creatures vanquished

Notes
Turn   | Place    | Note
-------+----------+-------------------------------------------
     0 | D:1      | Amnesiac the Spriggan Transmuter began the quest for the Orb.
     0 | D:1      | Reached XP level 1. HP: 9/9 MP: 5/5
   259 | D:1      | Reached skill level 1 in Fighting
   285 | D:1      | Reached XP level 2. HP: 14/14 MP: 4/6
   487 | D:1      | Learned a level 2 spell: Sticks to Snakes
  1039 | D:1      | Reached XP level 3. HP: 17/18 MP: 8/8
  1653 | D:2      | Reached XP level 4. HP: 23/23 MP: 9/9
  1966 | D:2      | Reached skill level 5 in Dodging
  2098 | D:2      | Found a faded altar of an unknown god.
  2386 | D:3      | Reached XP level 5. HP: 27/27 MP: 11/11
  2560 | D:3      | Found an ornate altar of the Wu Jian Council.
  3275 | D:3      | Reached XP level 6. HP: 32/32 MP: 6/13
  3644 | D:4      | Found a deep blue altar of Sif Muna.
  3657 | D:4      | Became a worshipper of Sif Muna the Loreminder
  3664 | D:4      | Reached skill level 5 in Spellcasting
  3895 | D:4      | Reached XP level 7. HP: 32/36 MP: 12/17
  4163 | D:5      | Entered Level 5 of the Dungeon
  4263 | D:5      | Found Boeryax's Weapon Shop.
  4304 | D:5      | Reached * piety under Sif Muna
  4420 | D:5      | Bought 13 arrows for 31 gold pieces
  4557 | D:5      | Noticed Blork the orc
  4593 | D:5      | Killed Blork the orc
  4593 | D:5      | Reached skill level 5 in Transmutations
  4624 | D:5      | Found a glowing drain.
  4695 | Sewer    | Entered a sewer
  5149 | Sewer    | Reached ** piety under Sif Muna
  5150 | Sewer    | Reached XP level 8. HP: 37/40 MP: 17/20
  5810 | D:5      | Found a basalt altar of Yredelemnul.
  5926 | D:6      | Found a staircase to the Ecumenical Temple.
  6449 | D:6      | Found an ancient bone altar of Kikubaaqudgha.
  6661 | D:5      | Bought 13 sling bullets for 78 gold pieces
  6661 | D:5      | Bought a +0 fustibalus for 180 gold pieces
  6855 | D:7      | Noticed Duvessa
  6900 | D:7      | Noticed Dowan
  6917 | D:7      | Killed Duvessa
  6917 | D:7      | Killed Dowan
  6960 | D:7      | Reached *** piety under Sif Muna
  6960 | D:7      | Reached XP level 9. HP: 44/44 MP: 23/23
  6960 | D:7      | Noticed Menkaure
  6982 | D:7      | Killed Menkaure
  6982 | D:7      | Reached skill level 10 in Spellcasting
  7458 | D:7      | Reached skill level 10 in Transmutations
  7559 | D:7      | Noticed Pikel
  7576 | D:7      | Killed Pikel
  7669 | D:7      | Reached **** piety under Sif Muna
  7702 | D:7      | Learned a level 1 spell: Confusing Touch
  7704 | D:7      | Learned a level 1 spell: Apportation
  7706 | D:7      | Learned a level 1 spell: Summon Small Mammal
  8030 | D:7      | Found a burning altar of Makhleb.
  8333 | D:8      | Found Tiesa's Book Shop.
  8368 | D:8      | Found Faonkeet's Book Boutique.
  8502 | D:8      | Reached XP level 10. HP: 44/49 MP: 26/26
  8532 | D:8      | Found a sacrificial altar of Ru.
  8582 | D:8      | Got a smoking hunting sling
  8583 | D:8      | Identified the cursed +3 hunting sling "Nuriaton" {velocity, rC+ MR+ Str-2 Int+4} (You found it on level 8 of the Dungeon)
  8673 | D:8      | Found Zyucwaal's Antique Armour Boutique.
  8776 | D:8      | Found a staircase to the Lair.
  9116 | D:8      | Reached ***** piety under Sif Muna
  9116 | D:8      | Identified Ihoaro's Reference Book on Enchantment (Sif Muna gifted it to you on level 8 of the Dungeon)
  9116 | D:8      | Received a gift from Sif Muna
  9181 | D:8      | Reached skill level 1 in Invocations
  9212 | D:8      | Found Sufol's Book Shoppe.
  9232 | D:8      | Noticed a two-headed ogre
  9334 | D:8      | Killed a two-headed ogre
  9442 | D:8      | Noticed a two-headed ogre
  9605 | D:9      | Noticed Grum
 10022 | D:8      | Found Tiesa's Book Shop.
 10048 | D:8      | Found Sufol's Book Shoppe.
 10156 | D:8      | Found a sacrificial altar of Ru.
 10203 | D:8      | Found Zyucwaal's Antique Armour Boutique.
 10314 | D:8      | Found Faonkeet's Book Boutique.
 10551 | D:8      | Killed Grum
 10551 | D:8      | Reached skill level 5 in Invocations
 10877 | D:9      | Found a hide-covered altar of Uskayaw.
 11491 | D:9      | Reached XP level 11. HP: 52/52 MP: 28/28
 11641 | D:9      | Found a staircase to the Orcish Mines.
 11646 | D:9      | Found an iron altar of Okawaru.
 11681 | D:9      | Found Gozag's Platinum Reserve.
 11768 | D:9      | Found a stormy altar of Qazlal.
 11864 | D:9      | Found an opulent altar of Gozag.
 11874 | D:9      | Found a shimmering altar of Xom.
 12007 | D:9      | Found a bloodstained altar of Trog.
 12012 | D:9      | Found a snail-covered altar of Cheibriados.
 12035 | D:10     | Entered Level 10 of the Dungeon
 12406 | D:10     | Found a sparkling altar of Nemelex Xobeh.
 12507 | D:10     | Learned a level 3 spell: Regeneration
 12528 | D:10     | Learned a level 3 spell: Tukima's Dance
 13660 | D:11     | Noticed a brown ugly thing
 13733 | D:11     | Noticed a two-headed ogre
 13756 | D:11     | Learned a level 2 spell: Passwall
 13815 | D:11     | Noticed Erolcha
 13859 | D:11     | Noticed a two-headed ogre
 14005 | D:11     | Noticed a brown ugly thing
 14126 | D:11     | Killed a brown ugly thing
 14139 | D:11     | Killed a two-headed ogre
 14172 | D:11     | Killed Erolcha
 14249 | D:11     | Found a labyrinth entrance.
 14253 | Lab      | Entered a labyrinth
 14274 | Lab      | Learned a level 4 spell: Petrify
 14473 | Lab      | Identified Sif Muna's Catalogue of the Arsonist and Curses (Sif Muna gifted it to you in a labyrinth)
 14473 | Lab      | Received a gift from Sif Muna
 14479 | Lab      | Learned a level 3 spell: Spectral Weapon
 14684 | Lab      | Noticed a minotaur
 14696 | Lab      | Identified a scroll of acquirement {!r}
 14732 | Lab      | HP: 1/52 [minotaur/lajatang (9)]
 14749 | Lab      | Killed a minotaur
 14809 | Lab      | Learned a level 3 spell: Ozocubu's Armour
 15173 | D:10     | Paralysed by fainting for 10 turns
 15316 | D:11     | Killed a brown ugly thing
 15341 | D:11     | Killed a two-headed ogre
 15641 | D:11     | Reached XP level 12. HP: 56/56 MP: 31/31
 15947 | D:12     | Reached skill level 15 in Transmutations
 16442 | D:12     | Reached skill level 15 in Spellcasting
 16942 | D:12     | Received a gift from Sif Muna
 17553 | D:13     | Reached skill level 1 in Shields
 17917 | D:13     | Slain by a manticore

Vault maps used:
D:1:      onia_arrival_mini_spirals
D:2:      chequers_ecumenical_altar_lobes
D:3:      lemuel_coloured_pillars_altar, first_ration
D:4:      overflow_temple_1_default, serial_bayou_ford_a
D:5:      lemuel_zombie_altar_yredelemnul, serial_shops,
          nicolae_shop_temple_entry_statues_fountains, portal_sewer_entry_a,
          serial_park_tiny_1, hangedman_decor_peaks_small,
          kennysheep_generic_room_6, uniq_blork_the_orc
D:6:      kiku_gazebo_garden_becter, minmay_temple_entry_grid
D:7:      old_standard_altar, grunt_ogre_cave, uniq_menkaure, uniq_duvessa,
          uniq_pikel
D:8:      nicolae_overflow_crystal_walls, david_lair_generic, serial_shops,
          shop, shop, shop, nicolae_shop_waterfront, lightli_corner_chamber
D:9:      lemuel_round_altar, nicolae_gozag_zags_fifth_avenue,
          nicolae_qazlal_eye_of_the_storm, nicolae_overflow_hidden_temple,
          minitemple, uniq_grum
D:10:     basic_altar
D:11:     lab_entry_generic, hangedman_decor_push, minivault_1, uniq_erolcha
D:12:     spider_trap, kennysheep_generic_room_3
D:13:     hangedman_abyss_or_decor_clamps
Lab:      nicolae_lab_flowing_pool, lab_block, nicolae_lab_big_swirl,
          nicolae_lab_plus, nicolae_lab_very_dead_end
Sewer:    sewer_minmay_treatment

Skill      XL: |  1  2  3  4  5  6  7  8  9 10 11 12 |
---------------+-------------------------------------+-----
Fighting       | 1 2 3 |  3.2
Dodging        | 4 5 6 |  6.5
Spellcasting   | 3 4 6 7 9 11 12 14 15 | 15.4
Transmutations | 3 5 9 11 12 14 15 | 15.9
Invocations    | 7 8 |  8.0
Shields        | 2 |  2.2
Unarmed Combat | |  2.4

Action                   |  1- 3 |  4- 6 |  7- 9 | 10-12 || total
-------------------------+-------+-------+-------+-------++-------
Melee: Unarmed           |    90 |       |     4 |       ||    94
       Kick              |     7 |       |       |       ||     7
       Headbutt          |     1 |       |       |       ||     1
       Dagger            |       |       |   149 |   186 ||   335
       Punch             |       |       |     5 |     9 ||    14
       Short sword       |       |       |       |   379 ||   379
 Fire: Hunting sling     |    83 |   357 |   530 |   791 ||  1761
 Cast: Beastly Appendage |    15 |       |       |       ||    15
       Sticks to Snakes  |     5 |    23 |    33 |    19 ||    80
       Confusing Touch   |       |       |     2 |       ||     2
       Summon Small Mamm |       |       |       |    27 ||    27
       Petrify           |       |       |       |     9 ||     9
       Spectral Weapon   |       |       |       |    34 ||    34
       Ozocubu's Armour  |       |       |       |     2 ||     2
       Apportation       |       |       |       |     1 ||     1
       Tukima's Dance    |       |       |       |     1 ||     1
Invok: Divine Energy     |       |       |     1 |       ||     1
Evoke: Wand              |       |       |     3 |    29 ||    32
  Use: Scroll            |     5 |     3 |     6 |    10 ||    24
       Potion            |       |     3 |     5 |    13 ||    21
 Stab: Confused          |       |       |     5 |       ||     5
       Sleeping          |       |       |     3 |     1 ||     4
       Distracted        |       |       |     1 |     4 ||     5
       Invisible         |       |       |       |     3 ||     3
  Eat: Ration            |       |     4 |       |     7 ||    11
Armor: Robe              |    15 |     8 |    25 |   111 ||   159
       Skin              |       |       |       |    65 ||    65
Dodge: Dodged            |   182 |   214 |   439 |  1246 ||  2081

Table legend:
 A = Spawn XP
 B = Non-spawn XP
 C = Spawn XP percentage of total XP
 D = Spawn monster count
 E = Non-spawn monster count
 F = Spawn count percentage of total count
 G = Total turns spent on level
                    A         B        C        D         E        F      G
               +---------+---------+-------+---------+---------+-------+---------
         Total |       0 |   31380 |   0.0 |       0 |     465 |   0.0 | 17917
               +---------+---------+-------+---------+---------+-------+---------
           D:1 |       0 |      41 |   0.0 |       0 |      21 |   0.0 |  1173
           D:2 |       0 |     124 |   0.0 |       0 |      29 |   0.0 |   960
           D:3 |       0 |     260 |   0.0 |       0 |      39 |   0.0 |  1316
           D:4 |       0 |     460 |   0.0 |       0 |      14 |   0.0 |   714
           D:5 |       0 |     404 |   0.0 |       0 |      25 |   0.0 |  1037
           D:6 |       0 |     974 |   0.0 |       0 |      23 |   0.0 |   952
           D:7 |       0 |    2340 |   0.0 |       0 |      32 |   0.0 |  1335
           D:8 |       0 |    5909 |   0.0 |       0 |      56 |   0.0 |  2943
           D:9 |       0 |     697 |   0.0 |       0 |      29 |   0.0 |  1116
          D:10 |       0 |    2398 |   0.0 |       0 |      38 |   0.0 |  1410
          D:11 |       0 |    5985 |   0.0 |       0 |      39 |   0.0 |  1493
          D:12 |       0 |    6659 |   0.0 |       0 |      43 |   0.0 |  1438
          D:13 |       0 |    2756 |   0.0 |       0 |      22 |   0.0 |   767
           Lab |       0 |    2093 |   0.0 |       0 |       7 |   0.0 |   558
         Sewer |       0 |     280 |   0.0 |       0 |      48 |   0.0 |   705
               +---------+---------+-------+---------+---------+-------+---------
